 Dungeon Crawl Stone Soup version 0.24.1-14-gf8d2b509d9 (console) character file.

Game seed: 7792955228980073404, levelgen mode: deterministic

146145 Kagalorn the Severer (level 16, 0/151 HPs)
             Began as a Minotaur Wanderer on Feb 26, 2021.
             Was the Champion of Okawaru.
             Slain by a thorn hunter (5 damage)
             ... on level 4 of the Swamp.
             The game lasted 01:15:49 (30881 turns).

Kagalorn the Severer (Minotaur Wanderer)           Turns: 30881, Time: 01:15:49

Health: 0/151      AC: 33    Str: 27    XL:     16   Next: 89%
Magic:  21/21      EV: 18    Int: 10    God:    Okawaru [******]
Gold:   2110       SH:  0    Dex: 12    Spells: 15/15 levels left

rFire    + . .     SeeInvis .   b - +5 battleaxe (flame)
rCold    . . .     Gourm    .   (shield currently unavailable)
rNeg     + . .     Faith    +   D - +3 chain mail {rN+}
rPois    +         Spirit   .   (helmet restricted)
rElec    .         Reflect  .   P - +1 cloak "Losem" {rF+ MR+ Str+3}
rCorr    .         Harm     .   q - +1 pair of gloves {Dex+3}
MR       ++...                  p - +1 pair of boots {Fly}
Stlth    ..........             N - amulet of faith
HPRegen  0.35/turn              E - +6 ring of protection
MPRegen  0.17/turn              V - ring of poison resistance

@: heroism, flying
A: retaliatory headbutt, horns 2, subdued magic 1
a: Heroism, Finesse, Renounce Religion, Stop Flying


You were on level 4 of the Swamp.
You worshipped Okawaru.
Okawaru was exalted by your worship.
You were not hungry.

You visited 5 branches of the dungeon, and saw 28 of its levels.
You also visited: Sewer and Gauntlet.

You collected 3343 gold pieces.
You spent 1233 gold pieces at shops.

Inventory:

Hand Weapons
 a - the +6 executioner's axe "Huvo Kumm" {chop, rC+ MR+}
   (Okawaru gifted it to you in a Gauntlet)

   It inflicts extra damage upon your enemies.
   It protects you from cold.
   It affects your resistance to hostile enchantments.
 b - a +5 battleaxe of flaming (weapon)
 w - a +4 arbalest of freezing
Missiles
 e - 422 bolts
 F - 11 silver javelins (quivered)
 U - 20 javelins
Armour
 p - a +1 pair of boots of flying (worn)
 q - a +1 pair of gloves of dexterity (worn)
 D - a +3 chain mail of positive energy (worn)
 P - the +1 cloak "Losem" (worn) {rF+ MR+ Str+3}
   (You found it on level 11 of the Dungeon)

   It affects your strength (+3).
   It protects you from fire.
   It affects your resistance to hostile enchantments.
Jewellery
 m - an uncursed ring of protection from fire
 s - an uncursed ring of flight
 u - the ring of Xom's Ringing Laughter {-Tele MR+ Str+4 SInv}
   (You took it off a minotaur in a Gauntlet)

   [ring of protection from magic]

   It affects your strength (+4).
   It affects your resistance to hostile enchantments.
   It lets you see invisible.
   It prevents most forms of teleportation.
 C - an uncursed ring of resist corrosion
 E - a +6 ring of protection (left hand)
 N - an amulet of faith (around neck)
 T - the ring "Moddes" {rN+ MR+}
   (You found it in a Gauntlet)

   [ring of protection from magic]

   It protects you from negative energy.
   It affects your resistance to hostile enchantments.
 V - a ring of poison resistance (right hand)
Wands
 k - a wand of iceblast (60)
 v - a wand of flame (24)
 y - a wand of polymorph (28)
 z - a wand of clouds (11)
 J - a wand of paralysis (18)
 L - a wand of digging (10)
 Q - a wand of acid (10)
 Y - a wand of scattershot (3)
Scrolls
 g - 15 scrolls of remove curse
 h - 4 scrolls of fear
 i - 6 scrolls of fog
 j - 6 scrolls of identify
 n - 7 scrolls of teleportation
 o - 6 scrolls of magic mapping
 r - 4 scrolls of blinking
 H - a scroll of brand weapon
 K - a scroll of enchant weapon
 M - 3 scrolls of silence
 R - 4 scrolls of amnesia
 W - 6 scrolls of enchant armour
Potions
 d - 5 potions of haste
 l - 10 potions of curing
 t - a potion of magic
 x - 5 potions of lignification
 A - 4 potions of heal wounds
 B - 4 potions of cancellation
 G - 3 potions of resistance
 I - 2 potions of agility
 O - a potion of mutation
 S - 4 potions of might
 Z - 2 potions of invisibility
Miscellaneous
 c - a lamp of fire
Comestibles
 f - 41 rations
 X - 4 chunks of flesh


   Skills:
 + Level 16.0(21.0) Fighting
 - Level 20.0(25.0) Axes
 - Level 10.0(15.0) Crossbows
 + Level 16.0(21.0) Armour
 + Level 12.4(17.4) Dodging
 - Level 1.0(6.0) Stealth
 - Level 8.0 Invocations
 - Level 1.0 Evocations


You had 15 spell levels left.
You didn't know any spells.
Your spell library contained the following spells:

 Spells                   Type           Power        Failure   Level  Hunger
 Animate Skeleton         Necr           N/A          67%         1    ##.....
 Apportation              Tloc           #.....       67%         1    ##.....
 Confusing Touch          Hex            #.....       67%         1    ##.....
 Freeze                   Ice            #...         67%         1    ##.....
 Magic Dart               Conj           #...         67%         1    ##.....
 Pain                     Necr           #...         67%         1    ##.....
 Summon Butterflies       Summ           #.......     67%         1    ##.....
 Summon Small Mammal      Summ           #...         67%         1    ##.....
 Call Imp                 Summ           #.......     82%         2    ###....
 Corpse Rot               Necr           N/A          82%         2    ###....
 Ensorcelled Hibernation  Hex/Ice        #.....       82%         2    ###....
 Searing Ray              Conj           #.....       82%         2    ###....
 Sublimation of Blood     Necr           #.........   82%         2    ###....
 Call Canine Familiar     Summ           #.......     96%         3    ####...
 Dazzling Spray           Conj/Hex       #.....       96%         3    ####...
 Lesser Beckoning         Tloc           #.........   96%         3    ####...
 Ozocubu's Armour         Chrm/Ice       #.......     96%         3    ####...
 Regeneration             Chrm/Necr      #.........   96%         3    ####...
 Summon Guardian Golem    Hex/Summ       #.......     96%         3    ####...
 Tukima's Dance           Hex            #.......     96%         3    ####...
 Vampiric Draining        Necr           #.........   96%         3    ####...
 Animate Dead             Necr           N/A          100%        4    #####..
 Force Lance              Conj/Tloc      #.......     100%        4    #####..
 Fulminant Prism          Conj/Hex       #.........   100%        4    #####..
 Ice Form                 Ice/Tmut       #.......     100%        4    #####..
 Iskenderun's Mystic Bla  Conj           #.......     100%        4    #####..
 Summon Ice Beast         Ice/Summ       #.......     100%        4    #####..
 Summon Lightning Spire   Summ/Air       #.......     100%        4    #####..
 Throw Icicle             Conj/Ice       #.......     100%        4    #####..
 Agony                    Necr           #.......     100%        5    ######.
 Alistair's Intoxication  Tmut/Pois      #.......     100%        5    ######.
 Bolt of Draining         Conj/Necr      #.........   100%        5    ######.
 Dispel Undead            Necr           #.......     100%        5    ######.
 Excruciating Wounds      Chrm/Necr      #.........   100%        5    ######.
 Bolt of Cold             Conj/Ice       #.........   100%        6    #######
 Invisibility             Hex            #.......     100%        6    #######
 Ozocubu's Refrigeration  Ice            #.........   100%        6    #######


Dungeon Overview and Level Annotations

Branches:
Dungeon (15/15)            Temple (1/1) D:4            Lair (6/6) D:10
  Swamp (4/4) Lair:4       Spider (0/4) Lair:4        Slime (0/5) Lair:5
    Orc (2/2) D:12            Elf (0/3) Orc:2        Vaults (0/5) D:14
 Depths (0/5) D:15          Sewer (visited)         Gauntlet (visited)

Altars:
Ashenzari
Cheibriados
Dithmenos
Elyvilon
Fedhas
Gozag
Hepliaklqana
Kikubaaqudgha
Makhleb
Nemelex Xobeh
Okawaru
Qazlal
Ru
Sif Muna
Trog
Uskayaw
Vehumet
Wu Jian
Xom
Yredelemnul
Zin
The Shining One
Jiyva

Shops:
D:4 (   D:5 *   D:6 [   D:9 (   Orc:1 *(=   Orc:2 ?}[%


Innate Abilities, Weirdness & Mutations

You reflexively headbutt those who attack you in melee.
You have a pair of horns on your head.
Your spells are a little easier to cast, but a little less powerful.


Message History

Thorny briars emerge from the ground!
You slice the thorn hunter!! You burn the thorn hunter!!
Your headbutt misses the thorn hunter.
The thorn hunter is almost destroyed.
You slice the hornet!! You burn the hornet!
You kill the hornet!
Okawaru accepts your kill.
Unknown command.
You closely miss the thorn hunter. Your headbutt misses the thorn hunter.
The thorn hunter is almost destroyed.
The briar patch crumbles away.
The thorn hunter fires a volley of thorns at you.
The volley of thorns hits you!!
* * * LOW HITPOINT WARNING * * *
Unknown command.
You hit the thorn hunter. You burn the thorn hunter.
Your headbutt misses the thorn hunter.
The thorn hunter is almost destroyed.
The thorn hunter hits you.
You die...

..♣.≈♣♣ ♣♣♣≈.♣♣ P..
≈...≈≈..♣♣..≈≈≈♣♣ ..≈.
...≈......≈.....♣♣♣.≈..
≈.≈≈.≈....≈≈..≈.≈♣.≈≈≈♣
.....≈.≈.≈.≈..≈.≈≈..§.♣
....≈≈..≈.≈.≈≈......≈.♣.
..≈≈..§..≈P..≈≈)..≈≈≈≈..
.≈.≈≈≈...PP..))♣f)≈..≈..
§≈...≈§≈.P...≈.†@).≈≈...
.≈.....≈.P≈≈.....≈≈.≈.≈.
≈...≈≈.≈..≈..≈.≈.......≈
.≈≈.....≈PPP.....P♣.....
≈....≈..≈PP≈PPP..≈P..≈≈.
..≈≈...≈...§≈PPPPPPP≈...
......≈.≈≈≈≈PPPPPPPP≈...
...≈≈......≈.≈.≈≈......≈
..≈...≈≈....)...


You could see a thorn hunter.

Vanquished Creatures
  A thorn hunter (Swamp:3)
  Gastronok (Lair:3)
  The ghost of Uvauguc the Warrior, an adept MiBe of Trog (Swamp:3)
  Kirke (Lair:4)
  A balrug (Gauntlet)
  Aizul (Swamp:2)
  A ghoul (Swamp:3)
  A minotaur (Gauntlet)
  A yaktaur captain (D:14)
  An ettin (D:15)
  The ghost of KlarStein the Carver, a journeyman DsFi of Dithmenos (Orc:1)
  20 hydras
  Erica (D:9)
  A catoblepas (Lair:6)
  8 alligators
  5 ogre magi
  15 two-headed ogres
  3 death yaks (Lair:6)
  Urug (D:10)
  A fire crab (Lair:5)
  An unseen horror (D:15)
  12 swamp dragons
  4 lindwurms
  3 spriggan druids
  A harpy (shapeshifter) (D:15)
  A swamp dragon (shapeshifter) (D:15)
  2 deep elf archers (D:15)
  3 deep elf magi
  5 orc knights
  3 wolf spiders
  A moth of wrath (Gauntlet)
  An orc sorcerer (Orc:1)
  22 slime creatures
  5 ugly things
  4 cyclopes
  12 elephants
  A guardian serpent (Lair:6)
  10 black mambas
  5 manticores
  2 torpor snails (Lair:6)
  26 spiny frogs
  3 rime drakes
  4 komodo dragons
  A kobold demonologist (D:15)
  2 yaktaurs (D:14)
  2 freezing wraiths
  A redback zombie (D:14)
  9 hornets
  6 trolls
  7 tyrant leeches
  A queen bee (Lair:1)
  A meliai zombie (D:15)
  16 bog bodies
  A blink frog (shapeshifter) (D:13)
  13 hippogriffs
  19 blink frogs
  8 dream sheep
  2 shadows
  Sigmund (D:5)
  7 spriggans
  5 redbacks
  2 water elementals (D:15)
  12 wyverns
  A human (D:9)
  Eustachio (D:5)
  2 basilisks
  A hog (shapeshifter) (D:13)
  7 hogs
  40 yaks
  3 hungry ghosts
  A neqoxec (Gauntlet)
  11 vampire mosquitoes
  2 chaos spawn (Gauntlet)
  Menkaure (D:6)
  3 wargs (Orc:2)
  6 insubstantial wisps (Swamp:1)
  Edmund (D:5)
  An acid dragon (D:10)
  The ghost of Voland the Magician, an amateur GrWz (D:3)
  11 swamp worms
  21 water moccasins
  7 porcupines
  A hornet zombie (D:13)
  2 black bears
  4 ice beasts
  6 swamp drakes
  3 sky beasts
  13 orc warriors
  5 necrophages
  29 ogres
  4 wolves (Lair:2)
  A boggart (D:14)
  12 centaurs
  15 crocodiles
  4 big kobolds
  17 bullfrogs
  3 wyvern skeletons
  A water moccasin skeleton (D:8)
  A scorpion (D:13)
  38 killer bees
  5 wights (D:9)
  2 howler monkeys (D:9)
  4 centaur zombies
  7 crimson imps
  2 bullfrog zombies
  4 jellies
  5 quasits
  15 orc priests
  10 orc wizards
  4 centaur skeletons
  7 hounds
  2 iguanas (D:9)
  2 bullfrog skeletons
  7 hell rats (Lair:4)
  11 worker ants
  A killer bee zombie (D:10)
  2 hound skeletons
  A hound zombie (D:5)
  4 worker ant zombies
  21 adders
  3 gnolls (D:8)
  2 howler monkey skeletons (D:6)
  5 shadow imps
  An ooze (D:3)
  2 worms
  An adder skeleton (D:6)
  5 leopard geckos
  66 orcs
  4 ball pythons
  7 bats
  10 giant cockroaches
  13 goblins
  11 hobgoblins
  18 jackals
  28 kobolds
  5 quokkas
  15 frilled lizards
  A giant cockroach zombie (D:6)
  A quokka zombie (D:5)
  4 rats
  A plant (Lair:6)
912 creatures vanquished.

Vanquished Creatures (collateral kills)
  A tyrant leech (Swamp:2)
1 creature vanquished.

Vanquished Creatures (others)
  A slime creature (Swamp:1)
  2 humans (Swamp:1)
  5 briar patches (Swamp:4)
  A bush (D:5)
  19 fungi
  9 plants (Lair:6)
  2 withered plants (Swamp:3)
39 creatures vanquished.

Grand Total: 952 creatures vanquished

Notes
Turn   | Place    | Note
-------+----------+-------------------------------------------
     0 | D:1      | Kagalorn the Minotaur Wanderer began the quest for the Orb.
     0 | D:1      | Kagalorn set off with the following items: a +2 dagger, a
                  | potion of haste, a +0 ring mail, a +0 hand crossbow, 22
                  | bolts, a ration
     0 | D:1      | Reached XP level 1. HP: 19/19 MP: 0/0
    85 | D:1      | Reached XP level 2. HP: 20/27 MP: 1/1
   256 | D:1      | You fall into a shaft and drop 1 floor!
   451 | D:1      | Reached XP level 3. HP: 32/33 MP: 2/2
  1191 | D:2      | Found a hide-covered altar of Uskayaw.
  1342 | D:3      | Reached XP level 4. HP: 31/41 MP: 3/3
  1375 | D:3      | Reached skill level 5 in Fighting
  1442 | D:3      | Found a transporter.
  1445 | D:3      | Noticed Voland's ghost (amateur GrWz)
  1634 | D:3      | Reached skill level 5 in Crossbows
  1634 | D:3      | Reached XP level 5. HP: 29/48 MP: 0/4
  1670 | D:3      | Found a transporter.
  1845 | D:3      | Found a glowing drain.
  1879 | Sewer    | Entered a sewer
  2190 | Sewer    | Reached XP level 6. HP: 56/57 MP: 5/5
  2315 | Sewer    | Reached skill level 5 in Armour
  3069 | D:4      | Found Sod Jiaz's Antique Weapon Shop.
  3344 | D:4      | Found a staircase to the Ecumenical Temple.
  3351 | Temple   | Entered the Ecumenical Temple
  3589 | Temple   | Became a worshipper of Warmaster Okawaru
  3836 | D:4      | Reached XP level 7. HP: 64/64 MP: 6/6
  3930 | D:4      | Reached skill level 1 in Invocations
  4120 | D:5      | Entered Level 5 of the Dungeon
  4244 | D:5      | Found a sparkling altar of Nemelex Xobeh.
  4320 | D:5      | Found an opulent altar of Gozag.
  4404 | D:5      | Reached * piety under Okawaru
  4432 | D:5      | Found Vaklijes's Assorted Antiques.
  4439 | D:5      | Bought a scroll labeled FUAMIPNIMI for 20 gold pieces
  4439 | D:5      | Bought a scroll labeled ELEGINOBIST for 20 gold pieces
  4439 | D:5      | Bought a scroll of identify for 40 gold pieces
  4667 | D:5      | Noticed Eustachio
  4677 | D:5      | Killed Eustachio
  4677 | D:5      | Reached XP level 8. HP: 73/73 MP: 7/9
  5041 | D:6      | Noticed Edmund
  5073 | D:5      | Killed Edmund
  5341 | D:6      | Noticed Menkaure
  5630 | D:6      | Noticed Sigmund
  5644 | D:5      | Killed Sigmund
  5698 | D:6      | Reached ** piety under Okawaru
  5970 | D:6      | Found Voidghima's Armour Boutique.
  6429 | D:6      | Killed Menkaure
  6429 | D:6      | Reached skill level 1 in Axes
  6429 | D:6      | Reached XP level 9. HP: 82/82 MP: 8/11
  7381 | D:8      | Reached skill level 5 in Invocations
  7393 | D:8      | Reached skill level 2 in Axes
  7710 | D:8      | Found a shadowy altar of Dithmenos.
  7710 | D:8      | Found a sparkling altar of Nemelex Xobeh.
  7711 | D:8      | Found an ancient bone altar of Kikubaaqudgha.
  7790 | D:8      | Found a radiant altar of Vehumet.
  7805 | D:8      | Found a hide-covered altar of Uskayaw.
  8171 | D:9      | Reached skill level 3 in Axes
  8198 | D:9      | Reached *** piety under Okawaru
  8286 | D:9      | Found a shattered altar of Ashenzari.
  8367 | D:9      | Got a crude arbalest
  8431 | D:9      | Identified the +9 arbalest of Fate {elec, *Contam rC+++
                  | Str+6 Int-4} (You found it on level 9 of the Dungeon)
  8445 | D:9      | Received a gift from Okawaru
  8445 | D:9      | Reached skill level 4 in Axes
  8457 | D:9      | Gained mutation: Your spells are a little easier to cast,
                  | but a little less powerful. [mutagenic glow]
  8848 | D:9      | Reached skill level 10 in Fighting
  8848 | D:9      | Reached XP level 10. HP: 93/93 MP: 13/13
  8869 | D:9      | Reached **** piety under Okawaru
  8875 | D:9      | Reached skill level 5 in Axes
  8972 | D:9      | Noticed Erica
  9114 | D:9      | Killed Erica
  9134 | D:9      | Found Elabb's Weapon Emporium.
  9141 | D:9      | Bought a +2 broad axe of venom for 218 gold pieces
  9211 | D:9      | Identified a scroll of acquirement
  9212 | D:9      | Found the +8 frozen axe "Frostbite" {freezing cloud, *Noise
                  | +Fly rC+}
  9251 | D:9      | Found a bloodstained altar of Trog.
  9407 | D:10     | Entered Level 10 of the Dungeon
  9419 | D:10     | Reached skill level 10 in Armour
  9432 | D:10     | Received a gift from Okawaru
  9432 | D:10     | Reached skill level 6 in Axes
  9496 | D:10     | Noticed Urug
  9512 | D:10     | Killed Urug
  9595 | D:10     | Noticed a two-headed ogre
  9893 | D:10     | Killed a two-headed ogre
  9893 | D:10     | Reached skill level 7 in Axes
 10086 | D:10     | Found a staircase to the Lair.
 10124 | D:10     | Reached ***** piety under Okawaru
 10124 | D:10     | Received a gift from Okawaru
 10124 | D:10     | Reached skill level 8 in Axes
 10257 | D:10     | Reached XP level 11. HP: 99/99 MP: 16/16
 10398 | D:11     | Noticed a cyan ugly thing
 10401 | D:11     | Killed a cyan ugly thing
 10565 | D:11     | Received a gift from Okawaru
 10565 | D:11     | Reached skill level 9 in Axes
 10811 | D:11     | Received a gift from Okawaru
 10819 | D:11     | Reached skill level 10 in Axes
 11217 | D:11     | Got a twisted cloak
 11234 | D:11     | Noticed a cyan ugly thing
 11246 | D:11     | Killed a cyan ugly thing
 11246 | D:11     | Received a gift from Okawaru
 11359 | D:11     | Noticed a four-headed hydra
 11366 | D:11     | Killed a four-headed hydra
 11460 | D:12     | Reached skill level 11 in Axes
 11461 | D:12     | Reached skill level 10 in Crossbows
 11500 | D:12     | Reached skill level 12 in Axes
 12131 | D:12     | Reached skill level 13 in Axes
 12132 | D:12     | Reached XP level 12. HP: 99/106 MP: 17/17
 12249 | D:12     | Noticed a six-headed hydra
 12258 | D:12     | Killed a six-headed hydra
 12258 | D:12     | Received a gift from Okawaru
 12294 | D:12     | Received a gift from Okawaru
 12482 | D:12     | Found a staircase to the Orcish Mines.
 12566 | D:12     | Found a shimmering blue altar of Sif Muna.
 13044 | D:13     | Reached skill level 14 in Axes
 13069 | D:13     | Noticed an eight-headed hydra
 13971 | D:13     | Received a gift from Okawaru
 14382 | D:13     | Reached skill level 15 in Axes
 14537 | Lair:1   | Entered Level 1 of the Lair of Beasts
 15019 | Lair:1   | Identified the +1 cloak "Losem" {rF+ MR+ Str+3} (You found
                  | it on level 11 of the Dungeon)
 15093 | Lair:1   | Reached skill level 16 in Axes
 15123 | Lair:1   | Received a gift from Okawaru
 15903 | Lair:2   | Reached skill level 17 in Axes
 16349 | Lair:2   | Found an ancient bone altar of Kikubaaqudgha.
 16359 | Lair:2   | Reached XP level 13. HP: 89/113 MP: 18/18
 16401 | Lair:2   | Found a burning altar of Makhleb.
 16637 | Lair:3   | Received a gift from Okawaru
 16677 | Lair:3   | Noticed Gastronok
 16707 | Lair:3   | Killed Gastronok
 16707 | Lair:3   | Received a gift from Okawaru
 16707 | Lair:3   | Reached ****** piety under Okawaru
 16876 | Lair:3   | Reached skill level 18 in Axes
 17460 | Lair:4   | Reached skill level 1 in Dodging
 17834 | Lair:4   | Found a hole to the Spider Nest.
 17885 | Lair:4   | Received a gift from Okawaru
 17888 | Lair:4   | Got a shimmering battleaxe {god gift}
 17889 | Lair:4   | Identified the +11 battleaxe of Tapnel {drain, MR++}
                  | (Okawaru gifted it to you on level 4 of the Lair of Beasts)
 18119 | Lair:4   | Found a staircase to the Swamp.
 18471 | Lair:5   | Found a viscous altar of Jiyva.
 18471 | Lair:5   | Found a staircase to the Slime Pits.
 19009 | Lair:6   | Entered Level 6 of the Lair of Beasts
 19021 | Lair:6   | Received a gift from Okawaru
 19022 | Lair:6   | Got an iridescent broad axe {god gift}
 19039 | Lair:5   | Identified the +7 broad axe "Pumiodoo" {elec, rPois rC+
                  | Str+3 Dex-4} (Okawaru gifted it to you on level 6 of the
                  | Lair of Beasts)
 19731 | Lair:6   | Reached skill level 19 in Axes
 19807 | Lair:6   | Reached XP level 14. HP: 124/124 MP: 19/19
 19844 | Lair:6   | Received a gift from Okawaru
 20425 | Lair:6   | Reached skill level 5 in Dodging
 21166 | Lair:6   | Received a gift from Okawaru
 22136 | D:14     | Found a gate leading to a gauntlet.
 22146 | Gauntlet | Entered a Gauntlet
 22146 | Gauntlet | Found a transporter.
 22146 | Gauntlet | Found a transporter.
 22151 | Gauntlet | Found a transporter.
 22166 | Gauntlet | Found a transporter.
 22168 | Gauntlet | Found a large runed translucent door.
 22168 | Gauntlet | Found a large runed translucent door.
 22169 | Gauntlet | Found a large runed translucent door.
 22169 | Gauntlet | Found a large runed translucent door.
 22170 | Gauntlet | Found a large runed translucent door.
 22170 | Gauntlet | Found a runed translucent door.
 22170 | Gauntlet | Found a large runed translucent door.
 22170 | Gauntlet | Found a runed translucent door.
 22170 | Gauntlet | Found a large runed translucent door.
 22170 | Gauntlet | Found a large runed translucent door.
 22171 | Gauntlet | Found a large runed translucent door.
 22171 | Gauntlet | Found a large runed translucent door.
 22174 | Gauntlet | Found a large runed translucent door.
 22174 | Gauntlet | Found a large runed translucent door.
 22176 | Gauntlet | Found a large runed translucent door.
 22176 | Gauntlet | Found a large runed translucent door.
 22176 | Gauntlet | Found a large runed translucent door.
 22178 | Gauntlet | Found a runed translucent gate.
 22178 | Gauntlet | Found a runed translucent gate.
 22178 | Gauntlet | Found a runed translucent gate.
 22180 | Gauntlet | Found a transporter.
 22191 | Gauntlet | Found a large runed translucent door.
 22193 | Gauntlet | Found a transporter.
 22213 | Gauntlet | Found a transporter.
 22282 | Gauntlet | Found a transporter.
 22297 | Gauntlet | Found a transporter.
 22311 | Gauntlet | Found a transporter.
 22324 | Gauntlet | Found a transporter.
 22407 | Gauntlet | Found a transporter.
 22415 | Gauntlet | Found a transporter.
 22419 | Gauntlet | Found a transporter.
 22422 | Gauntlet | Found a transporter.
 22429 | Gauntlet | Found a transporter.
 22429 | Gauntlet | Noticed a balrug
 22560 | Gauntlet | Received a gift from Okawaru
 22574 | Gauntlet | Got a heavily runed steel ring
 22582 | Gauntlet | Identified the ring "Moddes" {rN+ MR+} (You found it in a
                  | Gauntlet)
 22607 | Gauntlet | Killed a balrug
 22607 | Gauntlet | Received a gift from Okawaru
 22607 | Gauntlet | Reached skill level 20 in Axes
 22610 | Gauntlet | Got a pitted executioner's axe {god gift}
 22617 | Gauntlet | Got a coiled amethyst amulet
 22623 | Gauntlet | Identified the +6 executioner's axe "Huvo Kumm" {chop, rC+
                  | MR+} (Okawaru gifted it to you in a Gauntlet)
 22830 | Gauntlet | Identified the ring of Xom's Ringing Laughter {-Tele MR+
                  | Str+4 SInv}
 22866 | Gauntlet | Identified the amulet of the Nine Beds {Spirit Int+4} (You
                  | found it in a Gauntlet)
 22880 | Gauntlet | Identified the Incunabulum of the Glacier
 22880 | Gauntlet | Identified the Collected Works on the Frostbite
 22916 | D:14     | Found a stormy altar of Qazlal.
 23474 | D:14     | Found a gate to the Vaults.
 23826 | D:15     | Entered Level 15 of the Dungeon
 23839 | D:15     | Received a gift from Okawaru
 23843 | D:15     | Found a staircase to the Depths.
 24105 | D:15     | Reached XP level 15. HP: 117/134 MP: 20/20
 25117 | Orc:1    | Entered Level 1 of the Orcish Mines
 25131 | Orc:1    | Found a runed translucent door.
 25139 | Orc:1    | Noticed KlarStein's ghost (journeyman DsFi)
 25152 | Orc:1    | Killed KlarStein's ghost
 25177 | Orc:1    | Found Faaf's General Store.
 25287 | Orc:2    | Entered Level 2 of the Orcish Mines
 25340 | Orc:1    | Found Erheul's Jewellery Shop.
 25342 | Orc:1    | Found Tiqom's Weapon Shoppe.
 25392 | Orc:1    | Bought a cursed amulet of inaccuracy for 28 gold pieces
 25510 | Orc:2    | Found a staircase to the Elven Halls.
 25714 | Orc:2    | Received a gift from Okawaru
 25763 | Orc:2    | Found Viwyin's Magic Scroll Emporium.
 25763 | Orc:2    | Found Keatunli's Armour Shop.
 25908 | Orc:2    | Found Tiqy's Gadget Shop.
 25908 | Orc:2    | Found Peta's Food Shoppe.
 25934 | Orc:2    | Bought a scroll of brand weapon for 340 gold pieces
 25934 | Orc:2    | Bought a scroll of identify for 34 gold pieces
 25934 | Orc:2    | Bought a scroll of magic mapping for 59 gold pieces
 25934 | Orc:2    | Bought a scroll of enchant armour for 127 gold pieces
 25934 | Orc:2    | Bought a scroll of silence for 127 gold pieces
 25934 | Orc:2    | Bought a scroll of fear for 59 gold pieces
 25934 | Orc:2    | Bought a scroll of identify for 34 gold pieces
 25934 | Orc:2    | Bought a scroll of silence for 127 gold pieces
 26273 | D:3      | Killed Voland's ghost
 26548 | Swamp:1  | Entered Level 1 of the Swamp
 26559 | Lair:4   | Reached skill level 10 in Dodging
 26700 | Swamp:1  | Noticed Kirke
 26785 | Lair:4   | Killed Kirke
 26785 | Lair:4   | Received a gift from Okawaru
 26888 | Swamp:1  | Received a gift from Okawaru
 26911 | Swamp:1  | You are sucked into a shaft and drop 1 floor!
 27066 | Swamp:1  | Reached XP level 16. HP: 133/147 MP: 21/21
 27668 | Swamp:2  | Received a gift from Okawaru
 27965 | Swamp:2  | Received a gift from Okawaru
 28068 | Swamp:2  | Noticed Aizul
 28089 | Swamp:2  | Killed Aizul
 28726 | Swamp:3  | Noticed a thorn hunter
 28733 | Swamp:3  | Killed a thorn hunter
 28733 | Swamp:3  | Reached skill level 15 in Fighting
 28733 | Swamp:3  | Reached skill level 15 in Armour
 29028 | Swamp:3  | Found a runed translucent door.
 29028 | Swamp:3  | Noticed Uvauguc's ghost (adept MiBe)
 29727 | Swamp:3  | Killed Uvauguc's ghost
 30022 | Swamp:4  | Entered Level 4 of the Swamp
 30268 | Swamp:4  | Received a gift from Okawaru
 30576 | Swamp:4  | Paralysed by a hornet for 2 turns
 30852 | Swamp:4  | Noticed a thorn hunter
 30880 | Swamp:4  | HP: 5/151 [thorn hunter/volley of thorns (26)]
 30881 | Swamp:4  | Slain by a thorn hunter

Levels and vault maps discovered:
D:1:      dpeg_arrival_yet_another_circle, layout_loops_ring
D:2:      kennysheep_the_goblin_king, layout_loops_cross,
          lemuel_coloured_pillars_altar
D:3:      layout_basic, gup_sewer_entry_glass, gammafunk_ghost_stat_death
D:4:      layout_basic, minmay_temple_entry_arrows, first_ration, serial_shops,
          shop
D:5:      layout_cave_pods, old_standard_altar, serial_shops,
          nicolae_shop_crystal, palyth_stone_intersect,
          kb_lookout_dungeons_type, nemelex_xobeh_ov_fountains_minmay,
          uniq_eustachio
D:6:      layout_rooms, serial_shops, shop, minmay_misc_feat_hallway,
          st_stairs_13, corexii_item_surrounded_by_moat, uniq_edmund,
          uniq_menkaure, uniq_sigmund
D:7:      layout_loops_corners
D:8:      layout_basic, nicolae_overflow_crystal_walls,
          chequers_temple_overflow_statue_of_worship, basic_altar,
          chequers_serial_rivers_large_a
D:9:      layout_loops_ring, kennysheep_little_box, lemuel_crystal_altar,
          serial_shops, nicolae_shop_stone, grunt_livestock, uniq_erica
D:10:     layout_cave_pools, lair_entry_dummy, minmay_misc_feat_alley,
          corexii_leaking_fountain, uniq_urug
D:11:     layout_basic
D:12:     layout_loops_ring, orc_david_3, lemuel_blue_sif_altar
D:13:     layout_cave_pods, minivault_25_ag
D:14:     layout_basic, david_vaults_2, gauntlet_entry_generic,
          hangedman_decor_slide_cut, minmay_the_grid_square_5x5_3x3_mashed
          [minmay_the_grid_square_5x5_bracketed,
          minmay_the_grid_square_5x5_shuriken,
          minmay_the_grid_square_5x5_detours, minmay_the_grid_square_5x5_comb,
          minmay_the_grid_square_5x5_megaprize_hollow,
          minmay_the_grid_square_5x5_checkered,
          minmay_the_grid_square_5x5_shrine1,
          minmay_the_grid_square_5x5_almost_minimal,
          minmay_the_grid_square_5x5_tri_point]
D:15:     hangedman_depths_entry_civil_slaughter, layout_grid_maze,
          minivault_14, minivault_22
Temple:   eino_temple_water
Lair:1:   layout_long_grid, special_room [special_room_bee]
Lair:2:   layout_regular_city, basic_altar, lemuel_centaur_altar,
          lemuel_fruit_tree, grunt_megastairs_5, serial_bayou_shore_b
Lair:3:   layout_regular_city, uniq_gastronok
Lair:4:   layout_loops_ring, skrybe_swamp_entry_bodies, dummy_spider_entry,
          grunt_megastairs_3
Lair:5:   layout_big_grid, dpeg_slime_entry_enclosed_altar,
          infiniplex_staircase_pool_2, serial_bayou_shore_b,
          serial_bayou_shore_b
Lair:6:   hangedman_lair_tendril_chambers, layout_regular_city,
          hangedman_lair_in_review
Swamp:1:  layout_basic_swamp, hangedman_swamp_lotus, swamp_pool1, uniq_kirke
Swamp:2:  layout_basic_swamp, nicolae_swamp_treefoil, uniq_aizul
Swamp:3:  layout_falls_marsh, gammafunk_ghost_grave,
          evilmike_swamp_ruin_rubble_1, hangedman_swamp_ravenous
Swamp:4:  swamp_alternative, layout_basic_swamp, swamp_pool1,
          infiniplex_staircase_pool
Orc:1:    layout_diamond_mine, serial_shops, shop, nicolae_shop_stone, shop,
          ebering_ghost_reflecting_pool
Orc:2:    st_orc_ogre_mass, layout_diamond_mine

Skill      XL: |  1  2  3  4  5  6  7  8  9 10 11 12 13 14 15 16 |
---------------+-------------------------------------------------+-----
Fighting       | 4 5 6 7 8 10 11 12 14 16 | 16.0
Armour         | 2 3 4 5 6 8 9 10 11 12 14 16 | 16.0
Crossbows      | 5 6 7 8 10 | 10.0
Invocations    | 2 4 6 8 |  8.0
Axes           | 1 4 8 13 17 19 20 | 20.0
Dodging        | 4 7 10 12 | 12.4
Stealth        | |  1.0
Evocations     | |  1.0

Action                   |  1- 3 |  4- 6 |  7- 9 | 10-12 | 13-15 | 16-18 || total
-------------------------+-------+-------+-------+-------+-------+-------++-------
Melee: Dagger            |   103 |   157 |       |       |       |       ||   260
       Headbutt          |    14 |    23 |    73 |   108 |   163 |    76 ||   457
       Eveningstar       |       |    10 |   301 |    10 |       |       ||   321
       Hand axe          |       |       |     5 |       |       |       ||     5
       War axe           |       |       |    77 |    34 |       |       ||   111
       Executioner's axe |       |       |       |   229 |   253 |       ||   482
       Battleaxe         |       |       |       |   285 |   545 |   346 ||  1176
 Fire: Hand crossbow     |     2 |       |       |     4 |       |       ||     6
Invok: Heroism           |       |       |     4 |     5 |    11 |     4 ||    24
       Finesse           |       |       |       |       |     3 |       ||     3
  Use: Scroll            |       |     6 |     7 |    13 |    13 |     2 ||    41
       Potion            |       |       |     1 |       |       |     1 ||     2
 Stab: Petrified         |       |       |       |       |     3 |       ||     3
       Petrifying        |       |       |       |       |     2 |       ||     2
  Eat: Chunk             |       |     6 |    12 |    16 |    16 |     3 ||    53
       Ration            |       |     1 |     3 |     5 |     5 |     3 ||    17
Armor: Ring mail         |    34 |       |   236 |    39 |       |       ||   309
       Chain mail        |    20 |   108 |       |       |       |   179 ||   307
       Plate armour      |       |       |       |   434 |   612 |    59 ||  1105
Dodge: Dodged            |    63 |    73 |   256 |   286 |   475 |   220 ||  1373
